 Dungeon Crawl Stone Soup version 0.32-a0-422-g28b100f618 (webtiles) character file.

Game seed: 3664129124065526922

693 sanka the Spear-Bearer (level 7, -1/50 HPs)
             Began as a Coglin Gladiator on Feb 21, 2024.
             Succumbed to a kobold brigand's curare-tipped dart
             ... on level 4 of the Dungeon.
             The game lasted 00:05:32 (3793 turns).

sanka the Spear-Bearer (Coglin Gladiator)           Turns: 3793, Time: 00:05:33

Health: -1/50      AC:  9    Str: 16    XL:     7   Next: 64%
Magic:  2/7        EV: 10    Int:  7    God:
Gold:   134        SH:  0    Dex: 16    Spells: 6/6 levels left

rFire   . . .        a - +0 trident {Nittaya}
rCold   . . .        r - +0 trident {Wanphen}
rNeg    . . .        c - +0 scale mail
rPois   .            k - +2 helmet
rElec   .            (no cloak)
rCorr   .            (no gloves)
SInv    .            (no boots)
Will    .....        h - amulet of guardian spirit Stlth
                     (no ring)
HPRegen 0.28/turn    t - ring of wizardry
MPRegen 0.10/turn

%: guardian spirit, wizardry (x1)
@: lethally poisoned (-1 -> -10), immotile, slowed, revved, very slow
A: off-hand wielding, slow wielding, warmup strikes, legs shutdown
a: no special abilities


You were on level 4 of the Dungeon.
You visited 1 branch of the dungeon, and saw 4 of its levels.

You collected 134 gold pieces.


Innate Abilities, Weirdness & Mutations

You can wield a second weapon in your off-hand.
It takes a long time for you to wield or remove held weapons.
Your first few attacks do less damage.
Attacking and casting redirects power from your legs.


   Skills:
 - Level 2.0 Fighting
 + Level 8.0 Polearms
 - Level 1.7 Throwing
 - Level 2.6 Dodging


You had 6 spell levels left.
You didn't know any spells.
Your spell library contained the following spells:

 Spells                   Type           Power      Damage    Failure   Level
 Gell's Gravitas          Tloc           0%         N/A       88%         3
 Teleport Other           Tloc           0%         N/A       88%         3
 Dispersal                Tloc           0%         N/A       100%        6

Inventory:

Hand Weapons
 a - a +0 trident (weapon) {Nittaya}
 r - a +0 trident (offhand) {Wanphen}
Missiles
 d - 2 throwing nets (quivered) {=f}
 e - 4 javelins
Armour
 c - a +0 scale mail (worn)
 k - a +2 helmet (worn)
Jewellery
 h - an amulet of guardian spirit (around neck)
 t - a ring of wizardry (right grasper)
Wands
 s - a wand of flame (5)
Scrolls
 f - 5 scrolls of teleportation {unknown}
 g - 2 scrolls of silence {unknown}
 j - 3 scrolls of identify {unknown}
 l - 2 scrolls of summoning {unknown}
 m - a scroll of fear {unknown}
 p - a scroll of amnesia {unknown}
 q - a scroll of brand weapon {unknown}
 u - a scroll of fog {unknown}
Potions
 b - a potion of might {unknown}
 i - 3 potions of curing {unknown}
 n - a potion of haste {unknown}
 o - a potion of cancellation {unknown}
 v - a potion of brilliance {unknown}
 w - a potion of heal wounds {unknown}

Dungeon Overview and Level Annotations

Branches:
Dungeon (4/15)
 Temple: D:4-7

Altars:

Shops:
D:1

( ▒.▒ .▒.▒. ▒.▒....▒
.<... ▒.▒....▒
▒▒....▒.▒......▒
......▒.▒......▒
....e..%▒▒▒.......
▒▒▒▒▒▒▒.▒ .......
▒▒'▒▒......)▒▒........
▒...▒....)KK..........
▒...▒.....g▒..▒▒▒▒▒▒▒▒
▒...▒▒▒▒..~▒..▒ ▒...▒
▒.)~~▒..▒ ▒...▒
▒.▒~~▒▒..▒ ▒...▒
▒.~~~≈▒..▒
▒...▒▒▒.~~≈≈▒..▒
▒.......~~~≈▒..▒
▒▒▒▒.▒▒▒▒~≈▒▒..▒ ▒..▒
▒~~▒ ▒▒


You could see a kobold brigand and a kobold.


Message History

You barely miss the kobold with your +0 trident.
You feel sick.
The kobold brigand throws a curare-tipped dart.
The curare-tipped dart hits you.
You are more poisoned.
You have difficulty breathing.
* * * LOW HITPOINT WARNING * * *
You feel as though you will be slow longer.
The kobold hits you but does no damage. The kobold hits you but does no damage.
You hit the kobold brigand with your +0 trident.
The kobold brigand is lightly wounded.
You barely miss the kobold brigand with your +0 trident.
* * * LOW HITPOINT WARNING * * *
You feel very sick.
The kobold brigand completely misses you.
The kobold hits you but does no damage.
Unknown command.
You puncture the kobold brigand with your +0 trident!
The kobold brigand is moderately wounded.
You closely miss the kobold brigand with your +0 trident.
* * * LOW HITPOINT WARNING * * *
You feel very sick. The kobold brigand closely misses you.
The kobold closely misses you.
Unknown command.
You closely miss the kobold brigand with your +0 trident.
The kobold brigand is moderately wounded.
You hit the kobold brigand but do no damage.
You die...

Action                     |  1- 3 |  4- 6 |  7- 9 || total
---------------------------+-------+-------+-------++-------
  Melee: Trident           |    70 |   140 |    68 ||   278
         Spear             |       |    57 |       ||    57
  Throw: Throwing net      |       |       |     1 ||     1
  Evoke: Wand              |       |       |     3 ||     3
   Stab: Sleeping          |     2 |     2 |       ||     4
         Distracted        |       |     1 |       ||     1
 Armour: Leather armour    |    39 |    38 |       ||    77
         Scale mail        |       |    19 |    15 ||    34
  Dodge: Dodged            |    46 |    33 |    16 ||    95

Levels and vault maps discovered:
D:1:      minmay_arrival_arboretum_large, layout_loops_ring, serial_shops,
          nicolae_shop_advertising_works [nicolae_subvault_shop_adworks],
          minmay_cupped
D:2:      layout_loops_corners, minmay_tripent
D:3:      layout_loops_ring, grunt_ministairs_6, uniq_natasha
D:4:      cheibrodos_thug_alley, layout_basic, uniq_duvessa

Notes
Turn   | Place    | Note
-------+----------+-------------------------------------------
     0 | D:1      | sanka the Coglin Gladiator began the quest for the Orb.
     0 | D:1      | Reached XP level 1. HP: 16/16 MP: 1/1
    63 | D:1      | Reached skill level 3 in Polearms
    84 | D:1      | Reached XP level 2. HP: 13/22 MP: 2/2
   266 | D:1      | Reached XP level 3. HP: 11/27 MP: 3/3
   435 | D:1      | Reached skill level 4 in Polearms
   521 | D:1      | Found Muzuihiq's Antique Weapon Shoppe.
   922 | D:2      | Reached XP level 4. HP: 33/33 MP: 4/4
  1594 | D:3      | Noticed a black bear
  1601 | D:3      | Killed a black bear
  1602 | D:3      | Reached skill level 5 in Polearms
  1602 | D:3      | Reached XP level 5. HP: 37/38 MP: 3/5
  1880 | D:3      | Noticed Natasha
  1885 | D:3      | Killed Natasha
  2201 | D:3      | Noticed Natasha
  2208 | D:3      | Killed Natasha
  2209 | D:3      | Reached skill level 6 in Polearms
  2209 | D:3      | Reached XP level 6. HP: 41/44 MP: 6/6
  2437 | D:3      | Noticed Natasha
  2451 | D:3      | Killed Natasha
  3478 | D:4      | Noticed Dowan
  3510 | D:4      | Killed Dowan
  3511 | D:4      | Reached skill level 7 in Polearms
  3511 | D:4      | Reached XP level 7. HP: 47/50 MP: 7/7
  3726 | D:4      | Noticed Duvessa
  3733 | D:4      | Killed Duvessa
  3779 | D:4      | Reached skill level 8 in Polearms
  3791 | D:4      | HP: 5/50 [poisoned by a kobold brigand (curare-tipped
                  | dart)]
  3792 | D:4      | HP: 1/50 [poisoned by a kobold brigand (curare-tipped
                  | dart)]
  3793 | D:4      | Succumbed to a kobold brigand's curare-tipped dart

Vanquished Creatures
  Duvessa (D:4)
  An orc warrior (D:4)
  A black bear (D:3)
  Dowan (D:4)
  A gnoll bouda (D:4)
  An orc priest (D:4)
  Natasha (thrice) (D:3)
  6 gnolls
  3 adders
  2 dart slugs
  6 orcs
  7 bats
  5 endoplasms
  2 giant cockroaches (D:1)
  7 goblins
  2 hobgoblins
  2 jackals (D:2)
  10 kobolds
  5 quokkas
  2 ball pythons
  4 frilled lizards
  12 rats
84 creatures vanquished.
